 Dungeon Crawl Stone Soup version 0.28-a0-563-gf77a47075d (webtiles) character file.

Game seed: 1215096177528630587

313 meatgazer the Skirmisher (level 6, -2/81 HPs)
             Began as a Palentonga Fighter on Sept 29, 2021.
             Slain by an orc (5 damage)
             ... on level 5 of the Dungeon.
             The game lasted 00:10:46 (3915 turns).

meatgazer the Skirmisher (Palentonga Fighter)       Turns: 3915, Time: 00:10:47

Health: -2/81      AC: 23    Str: 19    XL:     6   Next: 19%
Magic:  6/6        EV:  1    Int:  9    God:
Gold:   85         SH:  0    Dex: 11    Spells: 5/5 levels left

rFire   . . .      SeeInvis +   d - +1 long sword (drain)
rCold   . . .      Faith    .   (no shield)
rNeg    + + +      Spirit   .   (armour currently unavailable)
rPois   +          Reflect  .   (helmet currently unavailable)
rElec   .          Harm     .   (cloak currently unavailable)
rCorr   .          Rampage  .   (gloves currently unavailable)
Will    .....      NoTele   +   (no barding)
Stlth   +.........              i - amulet of regeneration
HPRegen 1.23/turn               (no ring)
MPRegen 0.10/turn               (no ring)

@: tree-form
A: stationary, stasis, torment immunity, boosted hp, large, rugged brown scales
3, see invisible, (deformed body), (roll 1), (armoured tail)
a: no special abilities


You were on level 5 of the Dungeon.
You were a tree.
You visited 2 branches of the dungeon, and saw 6 of its levels.

You collected 85 gold pieces.

Inventory:

Hand Weapons
 d - a +1 long sword of draining (weapon)
Armour
 b - a +0 scale mail (melded)
 c - a +0 buckler
 g - a +0 helmet (melded)
Jewellery
 i - an amulet of regeneration (around neck)
Scrolls
 j - a scroll of amnesia {unknown}
 k - a scroll of identify
Potions
 a - a potion of lignification
 e - 2 potions of curing
 f - a potion of magic
 h - a potion of haste {unknown}


   Skills:
 * Level 5.0 Fighting
 * Level 4.4 Long Blades
 - Level 2.4 Armour
 + Level 3.3 Shields


You had 5 spell levels left.
You didn't know any spells.
Your spell library contained the following spells:

 Spells                   Type           Power      Damage    Failure   Level
 Slow                     Hex            0%         N/A       52%         2
 Confusing Touch          Hex            0%         N/A       77%         3
 Stone Arrow              Conj/Erth      0%         3d7       77%         3
 Vampiric Draining        Necr           0%         2d6       77%         3
 Animate Armour           Summ/Erth      0%         N/A       99%         4
 Yara's Violent Unravell  Hex/Tmut       0%         3d3       100%        5
 Lehudib's Crystal Spear  Conj/Erth      0%         10d2      100%        8


Dungeon Overview and Level Annotations

Branches:
Dungeon (5/15)             Temple (1/1) D:4

Altars:
Elyvilon
Fedhas
Hepliaklqana
Kikubaaqudgha
Makhleb
Qazlal
Ru
Sif Muna
Trog
Vehumet
Wu Jian
Yredelemnul
The Shining One


Innate Abilities, Weirdness & Mutations

You are a tree.
Your roots penetrate the ground, keeping you stationary.
You cannot be teleported.
You are immune to unholy pain and torment.
Your maximum health is greatly increased.
Your equipment is partially melded.
(You are completely covered in rugged brown scales. (AC +3, +7% HP))
You have supernaturally acute eyesight. (SInv)
((Armour fits poorly on your strangely shaped body.))
((You can roll at nearby foes to attack.))
((You have a long armoured tail.))


Message History

You climb downwards.
Found a gold piece.
Found a stone staircase leading up.
There is a stone staircase leading up here.
A quokka is nearby!
You hit the quokka. You drain the quokka.
The quokka is almost dead.
The quokka barely misses you.
You hit the quokka.
You kill the quokka!
No target in view!
There is a stone staircase leading up here.
An orc and an ogre come into view.
Found a gold piece.
An adder comes into view.
Found a gold piece.
The adder hisses angrily.
The adder bites you.
You slash the adder!
Your tail-slap misses the adder.
The adder is almost dead.
The adder bites you but does no damage.
You hit the adder.
You kill the adder!
Your Fighting skill increases to level 5!
You hit the ogre.
The ogre is lightly wounded.
The ogre hits you with a +0 giant club!
You slash the ogre!
The ogre is heavily wounded.
The orc hits you but does no damage.
The ogre hits you with a +0 giant club!!
Ouch! That really hurt!
The orc hits you with a +0 flail!
* * * LOW HITPOINT WARNING * * *
It was a potion of lignification.
You turn into a tree.
Your +0 helmet melds into your body.
Your +0 scale mail melds into your body.
Your roots penetrate the ground.
The ogre hits you with a +0 giant club!
* * * LOW HITPOINT WARNING * * *
The orc hits you with a +0 flail.
You die...

####### # .....######
.. .........#
#.##.#.#.#..#####
#.#....#.#.##.#...###
......†.<....<.......
#.#..###.#.##♣O$..##
# #.#.###o..## #.#.#
.$..... #.#.# .......
#.#.. .$..... #.###
....... ... .$.....
#.##...


You could see an ogre and an orc.

Vanquished Creatures
  3 orc wizards
  Natasha (thrice) (D:3)
  Robin (D:3)
  5 adders
  2 worms
  15 orcs
  3 endoplasms
  A giant cockroach (D:1)
  14 goblins
  4 hobgoblins (D:3)
  10 jackals
  2 quokkas
  11 ball pythons
  3 bats
  2 frilled lizards
  5 kobolds
  7 rats
91 creatures vanquished.

Notes
Turn   | Place    | Note
-------+----------+-------------------------------------------
     0 | D:1      | meatgazer the Palentonga Fighter began the quest for the
                  | Orb.
     0 | D:1      | Reached XP level 1. HP: 19/19 MP: 1/1
   192 | D:1      | Reached XP level 2. HP: 24/25 MP: 2/2
   782 | D:2      | Reached XP level 3. HP: 23/31 MP: 3/3
  1771 | D:3      | Reached skill level 4 in Fighting
  1771 | D:3      | Reached XP level 4. HP: 9/39 MP: 4/4
  2228 | D:3      | Noticed Robin
  2234 | D:3      | Killed Robin
  2301 | D:3      | Noticed Natasha
  2305 | D:3      | Killed Natasha
  2306 | D:3      | Reached XP level 5. HP: 43/44 MP: 5/5
  2664 | D:3      | Noticed Natasha
  2677 | D:3      | Killed Natasha
  2976 | D:3      | Noticed Natasha
  2980 | D:3      | Killed Natasha
  3219 | D:4      | Reached XP level 6. HP: 38/53 MP: 6/6
  3270 | D:4      | Found a staircase to the Ecumenical Temple.
  3355 | Temple   | Entered the Ecumenical Temple
  3901 | D:5      | Entered Level 5 of the Dungeon
  3913 | D:5      | Reached skill level 5 in Fighting
  3915 | D:5      | HP: 3/81 [ogre (17)]
  3915 | D:5      | Slain by an orc

Illustrated notes

Levels and vault maps discovered:
D:1:      dpeg_arrival_solitude, layout_loops_ring
D:2:      layout_loops_ring
D:3:      layout_basic, shapermc_ecumenical_altar_petra, uniq_natasha,
          uniq_robin
D:4:      layout_loops_corners, minmay_temple_entry_tees
D:5:      layout_basic, grunt_gozag_breadcrumbs
Temple:   nicolae_temple_god_jail

Skill      XL: |  1  2  3  4  5  6 |
---------------+-------------------+-----
Long Blades    | 3 4 |  4.4
Fighting       | 4 5 |  5.0
Shields        | 3 |  3.3
Armour         | |  2.4

Action                   |  1- 3 |  4- 6 || total
-------------------------+-------+-------++-------
Melee: Long sword        |    95 |   114 ||   209
       Tailslap          |     7 |     7 ||    14
 Abil: Rolling Charge    |    16 |    10 ||    26
  Use: Scroll            |     1 |     2 ||     3
       Potion            |     1 |     1 ||     2
Armor: Scale mail        |    50 |    62 ||   112
Dodge: Dodged            |    44 |    43 ||    87

Table legend: (Time is in decaauts)
 A = Elapsed time spent in this place.
 B = Non-inter-level travel time spent in this place.
 C = Inter-level travel time spent in this place.
 D = Time resting spent in this place.
 E = Time spent auto-exploring this place.
 F = Levels seen in this place.
 G = Mean time per level.
                   A        B        C        D        E       F      G
               +--------+--------+--------+--------+--------+-----+--------+
         Total |   3962 |   3819 |    143 |    756 |   2519 |   6 |  660.3 |
       Dungeon |   3914 |   3771 |    143 |    756 |   2495 |   5 |  782.8 |
        Temple |     48 |     48 |      0 |      0 |     24 |   1 |   48.0 |
               +--------+--------+--------+--------+--------+-----+--------+

Top non-repeatable levels by time:
     D:3: 1345 daAuts
     D:2: 892 daAuts
     D:4: 871 daAuts
     D:1: 790 daAuts
  Temple: 48 daAuts
     D:5: 15 daAuts
